AoeStats
← jichuo

Hideout

507232172Analyzed
1v1 RM · 16d ago on Sep 17, 2026· 70m 33s· 2 players
Game mode
Random Map
Map size
Tiny (2 player)
Population
200
Speed
Normal
Resources
Standard
Victory
Conquest
Starting age
Dark Age
Ending age
Imperial Age
RankedLock teamsTeams togetherTeam positionsShared explorationLock speedFull tech treeHidden civsTurbo modeCheats
Victory
Defeat
🇦🇷 Cumans · Argentina
1102
+16
🇨🇳 Franks · China
1107
-27
EGIRR
4:43 Loom
10:18 Feudal Age
11:04 Town Watch
11:58 Wheelbarrow
12:00 Double-Bit Axe
13:43 Horse Collar
23:07 Castle Age
21:25 Stone Mining
21:26 Gold Mining
23:18 Wheelbarrow
22:29 Town Watch
22:44 Fletching
22:55 Padded Archer Armor
24:04 Bow Saw
24:35 Heavy Plow
24:33 Bodkin Arrow
25:37 Hand Cart
25:41 Leather Archer Armor
25:51 Caravan
30:12 Imperial Age
29:02 Bloodlines
30:04 Town Patrol
30:14 Scale Barding Armor
30:36 Ballistics
32:22 Parthian Tactics
32:03 Thumb Ring
33:51 Two-Man Saw
32:22 Elite Kipchak
34:11 Gold Shaft Mining
34:13 Crop Rotation
34:17 Ring Archer Armor
35:26 Chemistry
37:12 Forging
39:12 Conscription
38:48 Pikeman
39:28 Squires
39:14 Arson
39:31 Scale Mail Armor
40:07 Iron Casting
39:26 Halberdier
43:05 Chain Mail Armor
44:55 Plate Mail Armor
51:24 Guilds
52:02 Elite Skirmisher
52:59 Onager
69:09 Blast Furnace
jichuo
4:15 Loom
9:41 Feudal Age
10:23 Double-Bit Axe
11:52 Loom
18:21 Castle Age
16:24 Stone Mining
16:47 Gold Mining
16:55 Loom
17:52 Forging
18:56 Wheelbarrow
26:19 Town Watch
31:32 Imperial Age
29:24 Scale Barding Armor
29:48 Hand Cart
29:38 Herbal Medicine
29:46 Husbandry
31:04 Iron Casting
32:10 Fervor
31:37 Cavalier
33:21 Blast Furnace
32:43 Conscription
33:27 Paladin
34:51 Town Patrol
35:43 Chain Barding Armor
36:01 Pikeman
36:42 Squires
36:28 Arson
38:21 Plate Barding Armor
38:00 Light Cavalry
38:14 Capped Ram
44:39 Padded Archer Armor
44:30 Fletching
46:11 Elite Skirmisher
48:30 Leather Archer Armor
48:10 Bodkin Arrow
50:16 Bow Saw
52:29 Ballistics
52:15 Siege Engineers
51:34 Halberdier
53:14 Gold Shaft Mining
53:22 Scale Mail Armor
68:31 Hoardings
68:43 Masonry
Connection lost

Rejoining the realm…

Still unreachable

The connection could not be restored.

Session expired

The server has moved on; the page needs a fresh start.